 Dungeon Crawl Stone Soup version 0.21.1-1-g345015f (webtiles) character file.

1052 prawnwizard the Magician (level 8, -1/58 HPs)
             Began as a Gnoll Wizard on July 8, 2018.
             Was a Follower of Sif Muna.
             Slain by a sky beast (6 damage)
             ... on level 5 of the Dungeon.
             The game lasted 00:12:40 (6805 turns).

prawnwizard the Magician (Gnoll Wizard)             Turns: 6805, Time: 00:12:41

Health: -1/58      AC:  4    Str:  9    XL:     8   Next: 26%
Magic:  19/19      EV: 15    Int: 22    God:    Sif Muna [*.....]
Gold:   200        SH:  0    Dex: 15    Spells: 11/22 levels left

rFire    . . .     SeeInvis .   q - +2 trident (flame)
rCold    . . .     Gourm    .   (no shield)
rNeg     . . .     Faith    .   a - +0 robe
rPois    .         Spirit   .   b - +0 hat
rElec    .         Reflect  .   (no cloak)
rCorr    .         Harm     .   j - +0 pair of gloves
MR       .....                  p - +0 pair of boots
Stlth    +++.......             f - amulet of magic regeneration
HPRegen  0.19/turn              (no ring)
MPRegen  0.41/turn              (no ring)

@: no status effects
A: distributed training, fangs 1, strong nose
a: Divine Energy, Renounce Religion


You were on level 5 of the Dungeon.
You worshipped Sif Muna.
Sif Muna was aware of your devotion.
You were not hungry.

You visited 1 branch of the dungeon, and saw 5 of its levels.

You collected 200 gold pieces.

Inventory:

Hand Weapons
 q - a +2 trident of flaming (weapon)
Armour
 a - a +0 robe (worn)
 b - a +0 hat (worn)
 j - a +0 pair of gloves (worn)
 p - a +0 pair of boots (worn)
Jewellery
 f - an amulet of magic regeneration (around neck)
 i - an uncursed amulet of rage
Scrolls
 e - 2 scrolls of teleportation
 g - a scroll of amnesia {unknown}
 h - 8 scrolls of identify
 l - 3 scrolls of remove curse
 m - a scroll of enchant weapon {unknown}
 o - 4 scrolls of blinking
 s - a scroll of enchant armour {unknown}
Potions
 k - 2 potions of lignification
 n - a potion of flight
Books
 c - a book of Minor Magic

   Spells                             Type                      Level
   a - Magic Dart                     Conjuration                  1
   b - Blink                          Translocation                2
   c - Call Imp                       Summoning                    2
   d - Slow                           Hexes                        2
   e - Conjure Flame                  Conjuration/Fire             3
   f - Mephitic Cloud                 Conjuration/Poison/Air       3
Comestibles
 d - 8 rations


   Skills:
 + Level 3.0 Fighting
 + Level 3.0 Short Blades
 + Level 3.0 Long Blades
 + Level 3.0 Axes
 + Level 3.0 Maces & Flails
 + Level 3.0 Polearms
 + Level 3.0 Staves
 + Level 3.0 Slings
 + Level 3.0 Bows
 + Level 3.0 Crossbows
 + Level 3.0 Throwing
 + Level 3.0 Armour
 + Level 5.5 Dodging
 + Level 5.2 Stealth
 + Level 3.0 Shields
 + Level 3.0 Unarmed Combat
 + Level 7.8 Spellcasting
 + Level 3.3 Conjurations
 + Level 2.4 Hexes
 + Level 2.4 Charms
 + Level 3.3 Summonings
 + Level 2.4 Necromancy
 + Level 3.3 Translocations
 + Level 2.4 Transmutations
 + Level 2.4 Fire Magic
 + Level 2.4 Ice Magic
 + Level 2.4 Air Magic
 + Level 2.4 Earth Magic
 + Level 2.4 Poison Magic
 + Level 3.3 Invocations
 + Level 3.0 Evocations


You had 11 spell levels left.
You knew the following spells:

 Your Spells              Type           Power        Failure   Level  Hunger
a - Magic Dart            Conj           ###.         1%          1    None
b - Blink                 Tloc           N/A          3%          2    None
c - Call Imp              Summ           ###.....     3%          2    None
d - Conjure Flame         Conj/Fire      ###.....     7%          3    None
e - Mephitic Cloud        Conj/Pois/Air  ###.....     7%          3    None


Dungeon Overview and Level Annotations

Branches:
Dungeon (5/15)
 Temple: D:4-7

Altars:
Dithmenos
Elyvilon
Okawaru
Sif Muna

Shops:
D:4 }==


Innate Abilities, Weirdness & Mutations

Your experience applies equally to all skills.
You have very sharp teeth.
Your uncanny sense of smell can sniff out nearby items.


Message History

Something shocks you.
You hit something but do no damage. Something hits you but does no damage.
You hit something but do no damage. Something hits you. Something shocks you.
You miss something. Something hits you. Something shocks you.
You barely miss something. Something hits you but does no damage.
Something barely misses you.
You hit something. You burn something. Something hits you but does no damage.
You closely miss something. You bite something. Something hits you.
Something shocks you.
You hit something but do no damage. Your punch misses something.
Something hits you. Something shocks you.
* * * LOW HITPOINT WARNING * * *
You miss something. Something hits you.
* * * LOW HITPOINT WARNING * * *
Something shocks you.
* * * LOW HITPOINT WARNING * * *
You hit something. You burn something. Something hits you.
* * * LOW HITPOINT WARNING * * *
Something shocks you.
You die...

#.# #.# ##### #.#
...... #.# ###### #..
#.# # #{######...#
#@.........#
.####...####...#
.........# #######
######...########(.....
#..........(.#####
##############


There were no monsters in sight!

Vanquished Creatures
  An ogre (D:4)
  2 phantoms (D:4)
  2 centaurs (D:5)
  2 scorpions
  A crimson imp (D:3)
  An orc priest (D:4)
  2 jellies (D:5)
  3 hounds (D:4)
  2 orc wizards (D:4)
  A centaur skeleton (D:4)
  2 worker ants (D:5)
  A hound skeleton (D:4)
  A worker ant zombie (D:5)
  7 gnolls (D:2)
  2 adders (D:2)
  2 worms
  A dart slug (D:1)
  2 leopard geckos
  10 orcs
  6 giant cockroaches
  8 goblins
  8 hobgoblins
  2 jackals (D:1)
  2 quokkas (D:3)
  A ball python (D:3)
  8 bats
  7 frilled lizards
  3 kobolds
  7 rats
97 creatures vanquished.

Notes
Turn   | Place    | Note
-------+----------+-------------------------------------------
     0 | D:1      | prawnwizard the Gnoll Wizard began the quest for the Orb.
     0 | D:1      | Reached XP level 1. HP: 13/13 MP: 8/8
   413 | D:1      | Reached XP level 2. HP: 12/19 MP: 10/10
  1568 | D:2      | Reached XP level 3. HP: 12/25 MP: 7/11
  1895 | D:2      | Reached skill level 1 in Invocations
  2191 | D:2      | Reached skill level 1 in Fighting
  2191 | D:2      | Reached skill level 1 in Short Blades
  2191 | D:2      | Reached skill level 1 in Long Blades
  2191 | D:2      | Reached skill level 1 in Axes
  2191 | D:2      | Reached skill level 1 in Maces & Flails
  2191 | D:2      | Reached skill level 1 in Polearms
  2191 | D:2      | Reached skill level 1 in Staves
  2191 | D:2      | Reached skill level 1 in Slings
  2191 | D:2      | Reached skill level 1 in Bows
  2191 | D:2      | Reached skill level 1 in Crossbows
  2191 | D:2      | Reached skill level 1 in Throwing
  2191 | D:2      | Reached skill level 1 in Armour
  2191 | D:2      | Reached skill level 1 in Shields
  2191 | D:2      | Reached skill level 1 in Unarmed Combat
  2191 | D:2      | Reached skill level 1 in Evocations
  2191 | D:2      | Reached XP level 4. HP: 4/32 MP: 2/13
  2903 | D:2      | Reached skill level 1 in Hexes
  2903 | D:2      | Reached skill level 1 in Charms
  2903 | D:2      | Reached skill level 1 in Necromancy
  2903 | D:2      | Reached skill level 1 in Transmutations
  2903 | D:2      | Reached skill level 1 in Fire Magic
  2903 | D:2      | Reached skill level 1 in Ice Magic
  2903 | D:2      | Reached skill level 1 in Air Magic
  2903 | D:2      | Reached skill level 1 in Earth Magic
  2903 | D:2      | Reached skill level 1 in Poison Magic
  3135 | D:2      | Found a shadowy altar of Dithmenos.
  3135 | D:2      | Found a deep blue altar of Sif Muna.
  3220 | D:2      | Reached XP level 5. HP: 15/37 MP: 0/14
  3275 | D:2      | Became a worshipper of Sif Muna the Loreminder
  4403 | D:3      | Reached XP level 6. HP: 23/44 MP: 8/16
  4948 | D:4      | Reached skill level 5 in Dodging
  4952 | D:4      | Learned a level 2 spell: Blink
  4955 | D:4      | Learned a level 2 spell: Call Imp
  4959 | D:4      | Learned a level 3 spell: Conjure Flame
  4963 | D:4      | Learned a level 3 spell: Mephitic Cloud
  4983 | D:4      | Found Koiffub's Gadget Shoppe.
  5149 | D:4      | Reached XP level 7. HP: 50/50 MP: 12/18
  5215 | D:4      | Reached * piety under Sif Muna
  5469 | D:4      | Found an iron altar of Okawaru.
  5650 | D:4      | Found Litiveco's Jewellery Boutique.
  5847 | D:4      | Reached skill level 5 in Stealth
  5922 | D:4      | Found Exosed's Jewellery Shop.
  6172 | D:5      | Entered Level 5 of the Dungeon
  6358 | D:5      | Found a white marble altar of Elyvilon.
  6373 | D:5      | Reached XP level 8. HP: 33/57 MP: 14/19
  6805 | D:5      | Slain by a sky beast

Skill      XL: |  1  2  3  4  5  6  7  8 |
---------------+-------------------------+-----
Conjurations   | 2 3 |  3.3
Summonings     | 2 3 |  3.3
Translocations | 2 3 |  3.3
Invocations    | 1 2 3 |  3.3
Fighting       | 1 2 3 |  3.0
Short Blades   | 1 2 3 |  3.0
Long Blades    | 1 2 3 |  3.0
Axes           | 1 2 3 |  3.0
Maces & Flails | 1 2 3 |  3.0
Polearms       | 1 2 3 |  3.0
Staves         | 1 2 3 |  3.0
Slings         | 1 2 3 |  3.0
Bows           | 1 2 3 |  3.0
Crossbows      | 1 2 3 |  3.0
Throwing       | 1 2 3 |  3.0
Armour         | 1 2 3 |  3.0
Shields        | 1 2 3 |  3.0
Unarmed Combat | 1 2 3 |  3.0
Evocations     | 1 2 3 |  3.0
Hexes          | 1 2 |  2.4
Charms         | 1 2 |  2.4
Necromancy     | 1 2 |  2.4
Transmutations | 1 2 |  2.4
Fire Magic     | 1 2 |  2.4
Ice Magic      | 1 2 |  2.4
Air Magic      | 1 2 |  2.4
Earth Magic    | 1 2 |  2.4
Poison Magic   | 1 2 |  2.4
Dodging        | 5 |  5.5
Stealth        | 5 |  5.2
Spellcasting   | |  7.8

Action                   |  1- 3 |  4- 6 |  7- 9 || total
-------------------------+-------+-------+-------++-------
Melee: Dagger            |    78 |    13 |       ||    91
       Bite              |     6 |     4 |     4 ||    14
       Unarmed           |     3 |       |       ||     3
       Trident           |       |    50 |    72 ||   122
       Punch             |       |     1 |       ||     1
 Cast: Magic Dart        |    45 |   121 |    54 ||   220
  Use: Scroll            |       |     7 |       ||     7
 Stab: Sleeping          |     4 |     2 |     4 ||    10
       Distracted        |       |       |     1 ||     1
  Eat: Chunk             |     3 |     7 |     5 ||    15
       Ration            |       |     1 |       ||     1
Armor: Robe              |    13 |    16 |    12 ||    41
Dodge: Dodged            |    55 |    88 |    53 ||   196
